AoeStats
← [GDL] Maldito Pantoja

Arena

504089527Analyzed
4v4 RM · 29d ago on Sep 3, 2026· 40m 20s· 8 players
Game mode
Random Map
Map size
Large (8 player)
Population
200
Speed
Normal
Resources
Standard
Victory
Conquest
Starting age
Dark Age
Ending age
Imperial Age
RankedLock teamsTeams togetherTeam positionsShared explorationLock speedFull tech treeHidden civsTurbo modeCheats
Victory
Defeat
🇹🇷 Poles · Türkiye
1374
+11
🇹🇷 Persians · Türkiye
1338
+12
🇮🇹 Italians · Italy
1210
+18
🇮🇹 Portuguese · Italy
1089
+23
🇲🇽 Teutons · Mexico
1318
-19
🇦🇷 Franks · Argentina
1239
-15
🇦🇷 Khmer · Argentina
1237
-15
🇩🇪 Japanese · Germany
1237
-15
BlueSh
10:11 Feudal Age
14:17 Castle Age
13:47 Double-Bit Axe
13:44 Horse Collar
15:03 Wheelbarrow
21:17 Loom
23:49 Hand Cart
25:40 Town Watch
26:03 Scale Barding Armor
26:32 Stone Mining
27:29 Town Patrol
29:00 Stone Shaft Mining
32:03 Imperial Age
30:19 Masonry
30:06 Murder Holes
30:36 Chain Barding Armor
30:26 Forging
30:24 Husbandry
30:34 Bloodlines
30:59 Gold Mining
31:46 Ballistics
33:03 Conscription
33:33 Gold Shaft Mining
33:40 Plate Barding Armor
33:42 Iron Casting
33:29 Citadels
33:14 Fletching
33:26 Padded Archer Armor
33:53 Elite War Elephant
35:48 Blast Furnace
38:19 Devotion
40:03 Faith
DuemilaLiereyy
12:50 Feudal Age
16:50 Castle Age
20:56 Imperial Age
20:03 Forging
19:54 Scale Mail Armor
20:35 Pikeman
21:40 Gold Mining
21:51 Stone Mining
25:07 Loom
25:10 Town Watch
27:42 Chemistry
30:30 Halberdier
31:47 Iron Casting
31:43 Chain Mail Armor
32:08 Bombard Tower
36:37 Siege Engineers
36:57 Ballistics
36:42 Murder Holes
39:51 Fletching
40:44 Bodkin Arrow
41:51 Blast Furnace
41:21 Plate Mail Armor
PQ.90Official
11:45 Feudal Age
15:16 Castle Age
13:44 Horse Collar
13:52 Double-Bit Axe
16:28 Bow Saw
16:21 Heavy Plow
19:37 Fortified Wall
19:42 Loom
24:01 Wheelbarrow
24:35 Fletching
29:26 Imperial Age
27:03 Scale Mail Armor
27:55 Forging
28:01 Chain Mail Armor
29:04 Hand Cart
31:15 Chemistry
31:06 Plate Mail Armor
31:12 Iron Casting
31:46 Bodkin Arrow
31:52 Padded Archer Armor
34:03 Bracer
35:06 Leather Archer Armor
36:32 Ring Archer Armor
Kırmızı Balık
5:26 Loom
8:26 Feudal Age
11:35 Town Watch
16:00 Wheelbarrow
23:19 Castle Age
22:52 Double-Bit Axe
24:17 Horse Collar
34:45 Heavy Plow
36:36 Bow Saw
36:51 Husbandry
37:38 Bloodlines
38:32 Gold Mining
41:28 Imperial Age
40:38 Hand Cart
[GDL] Maldito Pantoja
13:12 Feudal Age
14:37 Wheelbarrow
13:47 Loom
17:03 Castle Age
15:19 Gold Mining
15:14 Double-Bit Axe
16:52 Horse Collar
18:04 Stone Mining
20:25 Bow Saw
22:49 Heavy Plow
23:58 Hand Cart
26:25 Scale Barding Armor
27:54 Scale Barding Armor
30:45 Imperial Age
28:12 Town Watch
29:01 Forging
29:12 Chain Barding Armor
29:04 Bloodlines
30:17 Iron Casting
31:46 Conscription
30:49 Cavalier
32:07 Plate Barding Armor
32:33 Blast Furnace
33:01 Coinage
34:00 Paladin
36:45 Stone Shaft Mining
36:11 Town Patrol
37:46 Banking
37:51 Crop Rotation
37:53 Pikeman
38:33 Squires
38:19 Gambesons
38:19 Arson
38:35 Scale Mail Armor
38:28 Fletching
LNZ
11:56 Feudal Age
15:46 Castle Age
13:49 Double-Bit Axe
14:30 Horse Collar
15:08 Gold Mining
15:48 Fletching
19:11 Bow Saw
18:56 Crossbowman
25:03 Town Watch
25:03 Loom
33:15 Imperial Age
31:53 Wheelbarrow
31:21 Scale Mail Armor
33:36 Caravan
34:30 Conscription
35:16 Hand Cart
36:03 Two-Man Saw
35:39 Gold Shaft Mining
35:17 Elite Skirmisher
36:37 Padded Archer Armor
37:01 Bodkin Arrow
38:10 Chain Mail Armor
38:05 Forging
37:56 Bracer
38:40 Pikeman
39:20 Squires
Sir Monkey
10:53 Feudal Age
10:03 Loom
15:07 Castle Age
24:53 Double-Bit Axe
29:20 Bow Saw
38:47 Imperial Age
40:43 Chemistry
Nanox
12:21 Feudal Age
18:10 Castle Age
16:11 Gold Mining
16:07 Double-Bit Axe
17:24 Scale Barding Armor
17:31 Forging
21:31 Chain Barding Armor
22:59 Bow Saw
29:22 Iron Casting
33:49 Wheelbarrow
33:29 Stone Mining
33:44 Scale Mail Armor
33:36 Fletching
34:48 Hand Cart
36:12 #83
37:12 Chain Mail Armor
42:42 Imperial Age
Connection lost

Rejoining the realm…

Still unreachable

The connection could not be restored.

Session expired

The server has moved on; the page needs a fresh start.